 Dungeon Crawl Stone Soup version 0.31-a0-819-gf6de2f5ab6 (webtiles) character file.

Game seed: 18020277631338540581

294 Turgor the Changeling (level 6, 0/47 HPs)
             Began as a Barachi Shapeshifter on Sept 23, 2023.
             Slain by a kobold brigand
             ... wielding a +0 dagger
              (7 damage)
             ... in a sewer.
             The game lasted 00:12:44 (3527 turns).

Turgor the Changeling (Barachi Shapeshifter)        Turns: 3527, Time: 00:12:45

Health: 0/47       AC:  3    Str: 15    XL:     6   Next: 34%
Magic:  6/6        EV: 13    Int: 12    God:
Gold:   263        SH:  0    Dex: 12    Spells: 5/5 levels left

rFire   . .          .
                       - Unarmed
rCold   . . .        (no shield)
rNeg    . . .        r - +1 robe {Will+}
rPois   .            (helmet currently unavailable)
rElec   .            (cloak currently unavailable)
rCorr   .            (gloves currently unavailable)
SInv    .            (boots currently unavailable)
Will    +....        (no amulet)
Stlth   +            (no ring)
HPRegen 0.27/turn    (no ring)
MPRegen 0.10/turn

%: no passive effects
@: brilliant, about to teleport, beast-form, slow
A: beast (slay +2), amphibious, slowness 1, strong legs 1, +LOS
a: Hop, Begin Untransformation


You were in a sewer.
You were a hulking beast.
You visited 1 branch of the dungeon, and saw 4 of its levels.
You also visited: Sewer.

You collected 263 gold pieces.

Inventory:

Missiles
 b - a curare-tipped dart (quivered)
 q - 3 poisoned darts
Armour
 a - a +0 animal skin
 i - a +0 cloak
 r - a +1 robe of willpower (worn)
 s - a +2 helmet
Jewellery
 e - a ring of ice
Talismans
 c - a beast talisman (active)
 d - a flux talisman
Scrolls
 g - a scroll of fear {unknown}
 h - 2 scrolls of identify {unknown}
 o - a scroll of noise {unknown}
 t - a scroll of fog {unknown}
Potions
 f - a potion of might {unknown}
 k - a potion of brilliance
 l - a potion of attraction {unknown}
 n - a potion of magic {unknown}
 p - a potion of berserk rage {unknown}
 u - a potion of resistance {unknown}


   Skills:
 + Level 3.3 Fighting
 + Level 3.6 Dodging
 + Level 4.4 Unarmed Combat
 * Level 5.1 Shapeshifting


You had 5 spell levels left.
You didn't know any spells.
Your spell library contained the following spells:

 Spells                   Type           Power      Damage    Failure   Level
 Kiss of Death            Conj/Necr      0%         2d5       32%         1
 Confusing Touch          Hex            0%         N/A       69%         3
 Dispel Undead            Necr           0%         3d6       97%         4


Dungeon Overview and Level Annotations

Branches:
Dungeon (4/15)              Sewer (1/1)
 Temple: D:4-7

Altars:


Innate Abilities, Weirdness & Mutations

You are a hulking beast.
Your limbs bulge with bestial killing power. (Slay +2)
You are amphibious.
You cover ground slowly.
You can hop short distances.
You have an extended range of vision and can be seen from far away.


Message History

The kobold brigand is heavily wounded.
You feel sick. The kobold brigand barely misses you.
The kobold brigand hits you with a +0 club.
You closely miss the kobold brigand.
The kobold brigand is heavily wounded.
You feel sick.
You are no longer poisoned.
The kobold brigand hits you with a +0 dagger.
The kobold brigand closely misses you.
You hit the kobold brigand.
The kobold brigand is severely wounded.
The kobold brigand barely misses you.
The kobold brigand hits you with a +0 club.
You hit the kobold brigand.
The kobold brigand is severely wounded.
The kobold brigand hits you with a +0 dagger.
* * * LOW HITPOINT WARNING * * *
The kobold brigand hits you with a +0 club.
* * * LOW HITPOINT WARNING * * *
It was a potion of brilliance.
You feel clever all of a sudden.
The kobold brigand hits you but does no damage.
The kobold brigand hits you with a +0 club.
* * * LOW HITPOINT WARNING * * *
It was a potion of curing.
You feel better.
The kobold brigand hits you with a +0 dagger.
* * * LOW HITPOINT WARNING * * *
The kobold brigand barely misses you.
You feel better. The kobold brigand closely misses you.
The kobold brigand completely misses you.
Okay, then.
Unknown command.
As you read the scroll of teleportation, it crumbles to dust.
You feel strangely unstable. The kobold brigand misses you.
The kobold brigand hits you with a +0 club.
* * * LOW HITPOINT WARNING * * *
You punch the kobold brigand!
The kobold brigand is almost dead.
The kobold brigand hits you with a +0 dagger!
You die...

.~~~~~~~.~~~########~~~)~#
.~.#####~.~.~# #####~~ ..
##~.~.# ### . ##~~.# #~~.#
#~.~# ##~.~## #KK~.~#
#h###~# #~# ~# ##~## ~#
#~~~# ~~ #~#~# #~ #~#~# ~#
#~#~# K# #.#.# .# #####


You could see 2 kobold brigands.

Vanquished Creatures
  A kobold brigand (Sewer)
  4 gnolls (D:2)
  A river rat (Sewer)
  10 adders
  A worm (D:3)
  2 dart slugs
  9 endoplasms
  5 giant cockroaches
  5 goblins
  8 hobgoblins
  A jackal (D:1)
  4 quokkas
  5 ball pythons
  4 bats
  6 frilled lizards
  12 kobolds
  6 rats
84 creatures vanquished.

Notes
Turn   | Place    | Note
-------+----------+-------------------------------------------
     0 | D:1      | Turgor the Barachi Shapeshifter began the quest for the
                  | Orb.
     0 | D:1      | Reached XP level 1. HP: 15/15 MP: 1/1
   234 | D:1      | Reached XP level 2. HP: 20/21 MP: 2/2
  1113 | D:2      | Reached XP level 3. HP: 20/27 MP: 3/3
  1777 | D:2      | Reached skill level 4 in Shapeshifting
  1777 | D:2      | Reached XP level 4. HP: 31/33 MP: 4/4
  2379 | D:3      | Reached XP level 5. HP: 33/39 MP: 5/5
  3171 | D:4      | Found a glowing drain.
  3219 | Sewer    | Entered a sewer
  3298 | Sewer    | Noticed a kobold brigand
  3326 | Sewer    | Killed a kobold brigand
  3327 | Sewer    | Reached skill level 5 in Shapeshifting
  3327 | Sewer    | Reached XP level 6. HP: 38/47 MP: 6/6
  3523 | Sewer    | HP: 2/47 [kobold brigand/+0 club (6)]
  3527 | Sewer    | Slain by a kobold brigand

Illustrated notes

Levels and vault maps discovered:
D:1:      shiori_arrival_oz, layout_rooms, serial_co_window_serial,
          co_window_paths_a, co_window_paths_a, co_window_corner_a,
          co_window_corner_a, co_window_of_opportunity_a,
          co_window_unsneaky_path_e, co_window_broadway_a, co_window_2corner,
          co_window_of_opportunity_c, co_window_unsneaky_path_d,
          co_window_corner_ca, co_window_paths_e, glass_columns_a,
          minmay_octomino_e4
D:2:      layout_basic
D:3:      layout_basic, minmay_misc_feat_plants
D:4:      layout_cave_pods, gup_sewer_entry_glass, st_stairs_4,
          chequers_serial_rivers_micro_a
Sewer:    sewer_co_tree

Skill      XL: |  1  2  3  4  5 |
---------------+----------------+-----
Fighting       | 2 3 |  3.3
Shapeshifting  | 4 5 |  5.1
Dodging        | 3 |  3.6
Unarmed Combat | 4 |  4.4

Action                     |  1- 3 |  4- 6 || total
---------------------------+-------+-------++-------
  Melee: Unarmed           |   105 |   184 ||   289
         Punch             |     2 |     2 ||     4
    Use: Potion            |       |     5 ||     5
         Scroll            |       |     2 ||     2
   Stab: Sleeping          |     1 |       ||     1
 Armour: Animal skin       |    52 |    29 ||    81
         Skin              |       |    53 ||    53
         Robe              |       |    39 ||    39
  Dodge: Dodged            |    68 |    92 ||   160

Table legend: (Time is in decaauts)
 A = Elapsed time spent in this place.
 B = Non-inter-level travel time spent in this place.
 C = Inter-level travel time spent in this place.
 D = Time resting spent in this place.
 E = Time spent auto-exploring this place.
 F = Levels seen in this place.
 G = Mean time per level.
                   A        B        C        D        E       F      G
               +--------+--------+--------+--------+--------+-----+--------+
         Total |   4030 |   3816 |    214 |     50 |   2963 |   5 |  806.0 |
       Dungeon |   3698 |   3484 |    214 |      7 |   2788 |   4 |  924.5 |
         Sewer |    331 |    331 |      0 |     43 |    175 |   1 |  331.0 |
               +--------+--------+--------+--------+--------+-----+--------+

Top non-repeatable levels by time:
     D:2: 1383 daAuts
     D:1: 1215 daAuts
     D:3: 925 daAuts
   Sewer: 331 daAuts
     D:4: 174 daAuts
